 Dungeon Crawl Stone Soup version 0.23.2-30-g0e89c35649 (webtiles) character file.

Game seed: 4326546694998088683

1 418teapot the Grasshopper (level 1, -2/17 HPs)
             Began as a Ghoul Warper on June 7, 2019.
             Slain by a frilled lizard (3 damage)
             ... on level 1 of the Dungeon.
             The game lasted 00:02:11 (124 turns).

418teapot the Grasshopper (Ghoul Warper)             Turns: 124, Time: 00:02:11

Health: -2/17      AC:  3    Str: 14    XL:     1   Next: 20%
Magic:  2/2        EV: 11    Int:  8    God:
Gold:   42         SH:  0    Dex:  8    Spells: 3/3 levels left

rFire    . . .     SeeInvis .     - Unarmed
rCold    + . .     Gourm    .   (no shield)
rNeg     + + +     Faith    .   a - +0 leather armour
rPois    ∞         Spirit   .   (no helmet)
rElec    .         Reflect  .   (no cloak)
rCorr    .         Harm     .   (no gloves)
MR       .....                  (no boots)
Stlth    +.........             (no amulet)
HPRegen  0.00/turn              (no ring)
MPRegen  0.08/turn              (no ring)

@: rotting
A: rotting body, claws 1, carnivore, cold resistance 1, negative energy
resistance 3, inhibited regeneration, torment resistance, unbreathing
a: no special abilities


You were on level 1 of the Dungeon.
You were not hungry.

You visited 1 branch of the dungeon, and saw 1 of its levels.

You collected 42 gold pieces.

Inventory:

Missiles
 d - a tomahawk of dispersal (quivered)
Armour
 a - a +0 leather armour (worn)
Scrolls
 c - 2 scrolls of blinking
Potions
 b - a potion of agility {unknown}
 e - a potion of degeneration {unknown}
Comestibles
 f - a ration


   Skills:
 + Level 2.2 Fighting
 + Level 0.8 Throwing
 + Level 0.8 Armour
 + Level 1.7 Dodging
 + Level 0.0 Stealth
 + Level 2.2 Unarmed Combat
 + Level 1.8 Spellcasting
   Level 2.6 Translocations


You had 3 spell levels left.
You didn't know any spells.
Your spell library contained the following spells:

 Spells                   Type           Power        Failure   Level  Hunger
 Blink                    Tloc           N/A          22%         2    ###....
 Shroud of Golubria       Chrm/Tloc      #.........   36%         2    ###....
 Gell's Gravitas          Tloc           #.........   41%         3    ####...
 Lesser Beckoning         Tloc           #.........   41%         3    ####...
 Teleport Other           Tloc           #.......     41%         3    ####...
 Passage of Golubria      Tloc           N/A          83%         4    #####..


Dungeon Overview and Level Annotations

Branches:
Dungeon (1/15)

Altars:


Innate Abilities, Weirdness & Mutations

Your body is rotting away.
You thrive on raw meat.
You are immune to poison.
You have sharp fingernails.
You are carnivorous and can eat meat at any time.
Your flesh is cold resistant. (rC+)
You are immune to negative energy. (rN+++)
You do not regenerate when monsters are visible.
You are immune to unholy pain and torment.
You can survive without breathing.


Message History

The bat barely misses you.
The frilled lizard bites you but does no damage.
The bat hits you but does no damage. The frilled lizard bites you.
* * * LOW HITPOINT WARNING * * *
The bat barely misses you.
The frilled lizard bites you but does no damage.
The bat closely misses you. The frilled lizard barely misses you.
The bat hits you but does no damage. The frilled lizard closely misses you.
The bat closely misses you. The frilled lizard barely misses you.
The bat closely misses you. The frilled lizard barely misses you.
The bat misses you.
The frilled lizard bites you but does no damage.
The bat barely misses you.
The frilled lizard bites you but does no damage.
The bat completely misses you. The frilled lizard bites you.
* * * LOW HITPOINT WARNING * * *
The bat completely misses you. The frilled lizard barely misses you.
The bat hits you but does no damage. The frilled lizard barely misses you.
The bat barely misses you. The frilled lizard bites you.
You die...

.
#############
.
#..(........#
#.
##.########[#
### #. #.# #.#
....#.#### #.#
#.# .....)...#
#.# #.#
=.....b..###.#
#.#
......l@.....#
#.#
###.#.##.###.#
#.# # .....###
#.# ###.#.#
#####.# #(#.#
#.....# #.# #
#.##### #.#
#.# #.#
.#####.####
...........##


You could see a bat and a frilled lizard.

Vanquished Creatures
  A goblin (D:1)
1 creature vanquished.

Notes
Turn   | Place    | Note
-------+----------+-------------------------------------------
     0 | D:1      | 418teapot the Ghoul Warper began the quest for the Orb.
     0 | D:1      | Reached XP level 1. HP: 17/17 MP: 2/2
   124 | D:1      | Slain by a frilled lizard

Action                   || total
-------------------------++-------
Melee: Unarmed           ||     6
Throw: Tomahawk          ||     4
Armor: Leather armour    ||    39
Dodge: Dodged            ||    87
